 Dungeon Crawl Stone Soup version 0.23-a0-712-g3a644c0 (webtiles) character file.

120 Azzok the Firebug (level 4, -5/30 HPs)
             Began as a Demonspawn Fire Elementalist on Jan 15, 2019.
             Killed from afar by an orc wizard (7 damage)
             ... with a puff of frost
             ... on level 3 of the Dungeon.
             The game lasted 00:04:25 (3277 turns).

Azzok the Firebug (Demonspawn Fire Elementalist)    Turns: 3277, Time: 00:04:25

Health: -5/30      AC:  7    Str:  8    XL:     4   Next: 75%
Magic:  3/8        EV: 12    Int: 18    God:
Gold:   151        SH:  0    Dex: 15    Spells: 8/9 levels left

rFire    . . .     SeeInvis .   n - +2 mace (crush)
rCold    . . .     Gourm    .   (no shield)
rNeg     . . .     Faith    .   a - +0 robe
rPois    .         Spirit   .   (no helmet)
rElec    .         Reflect  .   (no cloak)
rCorr    .         Harm     .   (no gloves)
MR       .....                  (no boots)
Stlth    ++........             (no amulet)
HPRegen  0.10/turn              j - +2 ring of protection
MPRegen  0.11/turn              l - +3 ring of protection

@: no status effects
A: thin skeletal structure 1
a: no special abilities


You were on level 3 of the Dungeon.
You were not hungry.

You visited 1 branch of the dungeon, and saw 3 of its levels.

You collected 151 gold pieces.

Inventory:

Hand Weapons
 n - a +2 mace of crushing (weapon)
Armour
 a - a +0 robe (worn)
Jewellery
 i - an uncursed ring of ice
 j - a +2 ring of protection (left hand)
 k - an uncursed ring of ice
 l - a +3 ring of protection (right hand)
Wands
 o - a wand of paralysis (12)
Scrolls
 d - 2 scrolls of identify
 f - 3 scrolls of fog {unknown}
 h - a scroll of amnesia {unknown}
Potions
 e - a potion of agility
Comestibles
 c - 5 rations
 m - 9 chunks of flesh


   Skills:
 - Level 1.7 Dodging
 - Level 1.7 Stealth
 + Level 3.0 Spellcasting
 + Level 2.7 Conjurations
 + Level 3.6 Fire Magic


You had 8 spell levels left.
You knew the following spells:

 Your Spells              Type           Power        Failure   Level  Hunger
a - Flame Tongue          Conj/Fire      ##...        4%          1    None

Your spell library contained the following spells:

 Spells                   Type           Power        Failure   Level  Hunger
 Throw Flame              Conj/Fire      ##....       7%          2    ##.....
 Conjure Flame            Conj/Fire      ##......     13%         3    ###....
 Inner Flame              Hex/Fire       #.......     22%         3    ###....
 Sticky Flame             Conj/Fire      ##......     41%         4    ####...
 Fireball                 Conj/Fire      ##........   77%         5    ######.


Dungeon Overview and Level Annotations

Branches:
Dungeon (3/15)

Altars:
Fedhas
Yredelemnul


Innate Abilities, Weirdness & Mutations

You have a somewhat thin skeletal structure. (Dex +2, Stealth)


Message History

The puff of flame misses you.
You barely miss something. Something hits you but does no damage.
Casting: Flame Tongue (safe; 4% risk of failure)
Confirm with . or Enter, or press ? or * to list all spells.
You can't see any susceptible monsters within range! (Use Z to cast anyway.)
You miss something.
You hear some strange, mumbled words.
A puff of frost appears from out of thin air!
The puff of frost misses you. Something hits you but does no damage.
You barely miss something. Something hits you.
* * * LOW HITPOINT WARNING * * *
You hear some strange, mumbled words.
A magic dart appears from out of thin air!
The magic dart hits you!
You closely miss something. Something hits you.
* * * LOW HITPOINT WARNING * * *
You hear some strange, mumbled words.
A puff of frost appears from out of thin air!
The puff of frost hits you!
You die...

▒·o·(▒ ▒···[·▒·▒
▒o···▒▒·▒▒·▒▒▒▒)▒
▒%···▒▒·▒(·▒▒▒▒)▒▒▒▒▒
▒····▒▒·▒············
▒····▒▒····▒▒▒▒·▒▒▒··
▒·o··▒▒····▒▒·····▒··
▒▒'▒▒▒▒····▒▒·▒·▒·▒··
▒†▒▒▒▒····▒▒╬▒)▒·▒·▒
▒·{@·············▒··
▒▒▒▒▒▒▒··▒·····▒▒▒▒▒
·········▒·····▒
▒▒▒▒▒▒▒▒·······▒
▒·······▒▒▒▒▒
▒▒···········
▒······▒▒▒··
▒·▒▒▒▒·▒▒▒·▒
▒·▒▒·······▒


There were no monsters in sight!

Vanquished Creatures
  A gnoll (D:3)
  2 adders (D:2)
  2 oozes
  4 worms
  A dart slug (D:3)
  2 leopard geckos
  7 orcs (D:3)
  A giant cockroach (D:1)
  9 goblins
  8 hobgoblins
  4 jackals (D:1)
  A quokka (D:2)
  8 bats
  2 frilled lizards
  4 kobolds
  4 rats
60 creatures vanquished.

Notes
Turn   | Place    | Note
-------+----------+-------------------------------------------
     0 | D:1      | Azzok the Demonspawn Fire Elementalist began the quest for
                  | the Orb.
     0 | D:1      | Reached XP level 1. HP: 13/13 MP: 3/3
   213 | D:1      | Gained mutation: You have a somewhat thin skeletal
                  | structure. (Dex +2, Stealth) [demonic ancestry]
   213 | D:1      | Reached XP level 2. HP: 19/19 MP: 0/5
  1037 | D:1      | Reached XP level 3. HP: 24/24 MP: 3/6
  2122 | D:2      | Reached XP level 4. HP: 30/30 MP: 3/8
  2597 | D:2      | Found a blossoming altar of Fedhas.
  2597 | D:2      | Found a basalt altar of Yredelemnul.
  3277 | D:3      | Killed from afar by an orc wizard

Vault maps used:
D:1:      giann_forest_graveyard
D:2:      gammafunk_temple_overflow_statue, grunt_ministairs_4
D:3:      minmay_octagon_keep, nrook_campfire

Skill      XL: |  1  2  3  4 |
---------------+-------------+-----
Fire Magic     | 3 |  3.6
Conjurations   | 2 |  2.7
Spellcasting   | 3 |  3.0
Dodging        | |  1.7
Stealth        | |  1.7

Action                   |  1- 3 |  4- 6 || total
-------------------------+-------+-------++-------
Melee: Dagger            |    26 |    22 ||    48
       Mace              |       |    16 ||    16
 Cast: Flame Tongue      |    69 |    43 ||   112
  Use: Scroll            |       |     2 ||     2
 Stab: Sleeping          |     1 |     3 ||     4
  Eat: Chunk             |     4 |     1 ||     5
       Ration            |       |     1 ||     1
Armor: Robe              |    12 |    24 ||    36
Dodge: Dodged            |    32 |    30 ||    62

Table legend:
 A = Non-vault XP
 B = Vault XP
 C = Vault XP percentage of total XP
 D = Non-vault monster count
 E = Vault monster count
 F = Vault count percentage of total count
                 A         B        C        D         E       F
            +---------+---------+-------+---------+---------+-------
      Total |     140 |      32 |  18.6 |      54 |       6 |  10.0
            +---------+---------+-------+---------+---------+-------
        D:1 |      42 |       0 |   0.0 |      22 |       0 |   0.0
        D:2 |      68 |       4 |   5.6 |      20 |       2 |   9.1
        D:3 |      30 |      28 |  48.3 |      12 |       4 |  25.0
            +---------+---------+-------+---------+---------+-------
